 Dungeon Crawl Stone Soup version 0.27.1-33-g824d729ab1 (webtiles) character file.

Game seed: 8691295989967782281

242 potato4science the Sneak (level 6, -12/39 HPs)
             Began as an Octopode Hedge Wizard on Dec 16, 2021.
             Mangled by an orc warrior (19 damage)
             ... on level 4 of the Dungeon on Dec 17, 2021.
             The game lasted 00:30:22 (4914 turns).

potato4science the Sneak (Octopode Hedge Wizard)    Turns: 4914, Time: 00:30:22

Health: -12/39     AC:  1    Str: 10    XL:     6   Next: 9%
Magic:  6/10       EV: 13    Int: 23    God:
Gold:   58         SH:  0    Dex: 12    Spells: 8/11 levels left

rFire    . . .     SeeInvis .   a - +2 dagger (speed)
rCold    . . .     Faith    .   (no shield)
rNeg     . . .     Spirit   .   b - +0 hat
rPois    .         Reflect  .   (no amulet)
rElec    .         Harm     .   k - ring of wizardry
rCorr    .         Rampage  .   n - +6 ring of intelligence
Will     .....                  (no ring)
Stlth    ++++......             (no ring)
HPRegen  0.13/turn              (no ring)
MPRegen  0.12/turn              (no ring)
                                (no ring)
                                (no ring)

@: no status effects
A: almost no armour, amphibious, 8 rings, camouflage 1, gelatinous body 1,
(nimble swimmer 1), tentacles
a: no special abilities


You were on level 4 of the Dungeon.
You visited 1 branch of the dungeon, and saw 4 of its levels.

You collected 58 gold pieces.

Inventory:

Hand Weapons
 a - a +2 dagger of speed (weapon)
Armour
 b - a +0 hat (worn)
Jewellery
 k - a ring of wizardry (left tentacle)
 n - a +6 ring of intelligence (right tentacle)
Scrolls
 c - a scroll of silence {unknown}
 d - 2 scrolls of blinking {unknown}
 e - a scroll of fog {unknown}
 h - a scroll of amnesia {unknown}
 i - a scroll of teleportation {unknown}
 m - a scroll of enchant armour {unknown}
 o - a scroll of identify {unknown}
 p - a scroll of noise {unknown}
Potions
 f - 2 potions of curing
 g - a potion of haste {unknown}
 j - 2 potions of ambrosia
 l - a potion of lignification {unknown}


   Skills:
 - Level 2.0 Fighting
 + Level 2.2 Short Blades
 - Level 3.0 Dodging
 * Level 5.9 Stealth
 - Level 3.0 Spellcasting
 - Level 1.0 Conjurations
 - Level 1.0 Summonings
 - Level 2.0 Translocations


You had 8 spell levels left.
You knew the following spells:

 Your Spells              Type           Power      Damage    Failure   Level
a - Magic Dart            Conj           32%        1d4       3%          1
b - Blink                 Tloc           N/A        N/A       3%          2

Your spell library contained the following spells:

 Spells                   Type           Power      Damage    Failure   Level
 Call Imp                 Summ           8%         N/A       4%          2
 Slow                     Hex            3%         N/A       7%          2
 Conjure Flame            Conj/Fire      5%         6-21      12%         3
 Mephitic Cloud           Conj/Pois/Air  4%         N/A       12%         3
 Tukima's Dance           Hex            3%         N/A       14%         3
 Passage of Golubria      Tloc           N/A        N/A       21%         4
 Yara's Violent Unravell  Hex/Tmut       1%         3d3       75%         5


Dungeon Overview and Level Annotations

Branches:
Dungeon (4/15)
 Temple: D:4-7

Altars:
Nemelex Xobeh
Sif Muna
Wu Jian

Annotations:
D:3 3 runed translucent doors, jlumianski's ghost, weakling GrMo; pkoi's ghost, amateur DrTm


Innate Abilities, Weirdness & Mutations

You cannot wear most types of armour.
You are amphibious.
You can wear up to eight rings at the same time.
Your skin changes colour to match your surroundings (Stealth+).
Your rubbery body absorbs attacks. (AC +1, EV +1)
((You are camouflaged near water. (Stealth+)))
You have tentacles for arms and can constrict up to eight enemies at once.


Message History

The magic dart hits the endoplasm.
The endoplasm is almost dead.
Aiming: Magic Dart (safe; 3% risk of failure)
Press: ? - help, Q - select action, (/) - cycle Shift-Dir - straight line, f/p - endoplasm
Aim: an endoplasm (almost dead, 100% to hit)
The magic dart hits the endoplasm.
You kill the endoplasm!
Found a stone staircase leading down.
An orc comes into view. It is wielding a +0 flail.
The orc shouts!
You hear a shout!
An orc warrior comes into view. It is wielding a +0 halberd.
Aiming: Magic Dart (safe; 3% risk of failure)
Press: ? - help, Q - select action, (/) - cycle Shift-Dir - straight line, f - orc
Aim: an orc, wielding a +0 flail and wearing a +0 leather armour (100% to hit)
The magic dart hits the orc.
The orc is heavily wounded.
Aiming: Magic Dart (safe; 3% risk of failure)
Press: ? - help, Q - select action, (/) - cycle Shift-Dir - straight line, f/p - orc
Aim: an orc, wielding a +0 flail and wearing a +0 leather armour (heavily wounded, 100% to hit)
The magic dart hits the orc.
You kill the orc!
An orc comes into view. It is wielding a +0 short sword.
Aiming: Magic Dart (safe; 3% risk of failure)
Press: ? - help, Q - select action, (/) - cycle Shift-Dir - straight line, f - orc warrior
Aim: an orc warrior, wielding a +0 halberd and wearing a +0 chain mail (100% to hit)
The magic dart hits the orc warrior.
The orc warrior is lightly wounded.
Aiming: Magic Dart (safe; 3% risk of failure)
Press: ? - help, Q - select action, (/) - cycle Shift-Dir - straight line, f/p - orc warrior
Aim: an orc warrior, wielding a +0 halberd and wearing a +0 chain mail (lightly wounded, 100% to hit)
The magic dart hits the orc warrior but does no damage.
The orc warrior is lightly wounded.
The orc warrior hits you from afar with a +0 halberd!!
Ouch! That really hurt!
The orc warrior hits you from afar with a +0 halberd!
* * * LOW HITPOINT WARNING * * *
The orc warrior barely misses you.
There is a stone staircase leading up here.
The orc warrior hits you from afar with a +0 halberd!!
You die...

..... ...###......
.........#....)... ...
......##..... ...
.....###.....
#####.####.....#.....
...... .............
#..#####.......!..
#..........W....##
..####@######.........#
(........#####.......#.#
.........oo.##.......#..
............W........###
.....................###
........................
####.#...#............##
##............#.....#...
##.............#.........


You could see an orc warrior, a phantom and an orc.

Vanquished Creatures
  A scorpion (D:3)
  A hound (D:4)
  2 orc wizards
  2 adders
  An adder skeleton (D:4)
  A worm (D:2)
  2 dart slugs (D:1)
  9 orcs
  8 ball pythons
  3 bats
  7 endoplasms
  4 giant cockroaches
  3 goblins
  6 hobgoblins
  5 jackals
  4 quokkas
  2 frilled lizards
  7 kobolds
  A rat (D:1)
69 creatures vanquished.

Vanquished Creatures (others)
  A plant (D:1)
  2 withered plants (D:3)
3 creatures vanquished.

Grand Total: 72 creatures vanquished

Notes
Turn   | Place    | Note
-------+----------+-------------------------------------------
     0 | D:1      | potato4science the Octopode Hedge Wizard began the quest
                  | for the Orb.
     0 | D:1      | Reached XP level 1. HP: 11/11 MP: 4/4
    97 | D:1      | Reached skill level 3 in Stealth
   337 | D:1      | Reached skill level 1 in Short Blades
   427 | D:1      | Reached XP level 2. HP: 14/18 MP: 6/6
   645 | D:1      | Reached skill level 1 in Fighting
  1322 | D:1      | Learned a level 2 spell: Blink
  1331 | D:1      | Reached XP level 3. HP: 22/23 MP: 2/7
  1513 | D:1      | Reached skill level 4 in Stealth
  2791 | D:2      | Reached XP level 4. HP: 28/28 MP: 8/8
  3424 | D:3      | Found an ornate altar of the Wu Jian Council.
  3457 | D:3      | Found a shimmering blue altar of Sif Muna.
  3667 | D:3      | Found a sparkling altar of Nemelex Xobeh.
  3783 | D:3      | Found a faded altar of an unknown god.
  3997 | D:2      | Reached XP level 5. HP: 11/34 MP: 3/9
  4264 | D:3      | Reached skill level 5 in Stealth
  4387 | D:3      | Found a runed translucent gate.
  4387 | D:3      | Found a runed translucent gate.
  4388 | D:3      | Found a runed translucent gate.
  4391 | D:3      | Noticed pkoi's ghost (amateur DrTm)
  4391 | D:3      | Noticed jlumianski's ghost (weakling GrMo)
  4680 | D:4      | Reached XP level 6. HP: 29/39 MP: 10/10
  4891 | D:4      | Noticed an orc warrior
  4914 | D:4      | Mangled by an orc warrior

Illustrated notes

Levels and vault maps discovered:
D:1:      sevenhm_arrival_forest_fort_large_4, layout_basic
D:2:      layout_loops_ring, minivault_27
D:3:      layout_basic, marbit_many_paths, mainiacjoe_overflow_alcove_2,
          nicolae_sif_muna_condensation, hellmonk_ecumenical_altar_lost_god,
          gammafunk_ghost_cemetery
D:4:      layout_rooms, minmay_misc_feat_tiny, uniq_eustachio

Skill      XL: |  1  2  3  4  5 |
---------------+----------------+-----
Stealth        | 3 4 5 |  5.9
Short Blades   | 1 2 |  2.2
Fighting       | 1 2 |  2.0
Translocations | 2 |  2.0
Dodging        | 3 |  3.0
Spellcasting   | |  3.0
Conjurations   | |  1.0
Summonings     | |  1.0

Action                   |  1- 3 |  4- 6 || total
-------------------------+-------+-------++-------
Melee: Dagger            |    48 |    48 ||    96
       Constrict         |    11 |     9 ||    20
       Tentacles         |     6 |     7 ||    13
 Cast: Magic Dart        |    61 |    60 ||   121
  Use: Potion            |       |     2 ||     2
 Stab: Sleeping          |     7 |     4 ||    11
       Distracted        |       |     1 ||     1
Armor: Skin              |     2 |     2 ||     4
Dodge: Dodged            |    27 |    21 ||    48
